 Dungeon Crawl Stone Soup version 0.27-a0-1065-ge809cff456 (webtiles) character file.

Game seed: 10782041981606899228

42 robertstho the Ruffian (level 3, -7/36 HPs)
             Began as a Troll Monk on Apr 23, 2021.
             Mangled by Sigmund
             ... wielding a +0 scythe
              (11 damage)
             ... on level 2 of the Dungeon.
             The game lasted 00:01:00 (698 turns).

robertstho the Ruffian (Troll Monk)                  Turns: 698, Time: 00:01:01

Health: -7/36      AC:  4    Str: 20    XL:     3   Next: 35%
Magic:  2/2        EV: 10    Int:  6    God:
Gold:   44         SH:  0    Dex: 12    Spells: 2/2 levels left

rFire    + . .     SeeInvis .     - Unarmed
rCold    + . .     Faith    .   (no shield)
rNeg     . . .     Spirit   .   a - +0 robe
rPois    +         Reflect  .   (helmet restricted)
rElec    +         Harm     .   (no cloak)
rCorr    +         Rampage  .   (gloves unavailable)
Will     .....                  (boots unavailable)
Stlth    ++........             (no amulet)
HPRegen  1.12/turn              (no ring)
MPRegen  0.08/turn              (no ring)

@: resistant
A: large, unfitting armour, claws 3, regeneration 1, shaggy fur 1, tough skin 1
a: no special abilities


You were on level 2 of the Dungeon.
You visited 1 branch of the dungeon, and saw 2 of its levels.

You collected 44 gold pieces.

Inventory:

Armour
 a - a +0 robe (worn)
Scrolls
 b - a scroll of magic mapping {unknown}


   Skills:
 * Level 2.8 Fighting
 + Level 2.7 Dodging
 - Level 1.0 Stealth
 * Level 3.8 Unarmed Combat


You had 2 spell levels left.
You didn't know any spells.
Your spell library contained the following spells:

 Spells                   Type           Power      Damage    Failure   Level
 Animate Skeleton         Necr           0%         N/A       45%         1
 Pain                     Necr           0%         1d4       45%         1
 Vampiric Draining        Necr           0%         2d6       83%         3
 Animate Dead             Necr           0%         N/A       99%         4
 Agony                    Necr           0%         N/A       100%        5


Dungeon Overview and Level Annotations

Branches:
Dungeon (2/15)

Altars:

Annotations:
D:2 Sigmund


Innate Abilities, Weirdness & Mutations

You are too large for most types of armour.
You have claws for hands.
Your natural rate of healing is unusually fast.
You are covered in fur. (AC +1)
You have tough skin. (AC +1)


Message History

There are monsters nearby!
There are monsters nearby!
There are monsters nearby!
Sigmund gestures at you while chanting. The puff of flame hits you!
Sigmund points at himself and mumbles some strange words.
Sigmund flickers and vanishes!
Deactivating autopickup; reactivate with Ctrl-A.
You closely miss the quokka.
The quokka bites you but does no damage.
Something hits you!
It was a potion of resistance.
You feel protected. The quokka misses you. The hobgoblin hits you.
Something hits you!
You barely miss the quokka. Your claw misses the quokka.
The quokka barely misses you. The hobgoblin misses you.
You claw the quokka!
You kill the quokka!
Something hits you.
* * * LOW HITPOINT WARNING * * *
The hobgoblin barely misses you. Something hits you.
* * * LOW HITPOINT WARNING * * *
The hobgoblin hits you but does no damage.
Found a ruby potion.
You see here a quokka corpse.
Unknown command.
You hear some strange, mumbled words.
A magic dart appears from out of thin air!
The magic dart hits you.
* * * LOW HITPOINT WARNING * * *
The hobgoblin closely misses you.
You scratch something. Something hits you but does no damage.
The hobgoblin closely misses you.
You claw something! Something hits you.
* * * LOW HITPOINT WARNING * * *
You scratch something. The hobgoblin barely misses you.
You barely miss something. The hobgoblin closely misses you.
Something hits you!
You die...

....# #.# ....# #.# .#
...## #.# .# ...####.#
#######.# ........#
#.......# ######..###
#.......#
..........###.......#
...###..#..##...g...#.##
. #..........@{......
#.###.............. #.#
##..######.#### #.# #..#
.. #.# #..# ..! #. #..#
.. #... # ...#.


You could see a hobgoblin.

Vanquished Creatures
  A gnoll (D:1)
  An adder (D:2)
  3 ball pythons (D:1)
  A bat (D:1)
  3 endoplasms
  A goblin (D:1)
  3 hobgoblins
  2 quokkas (D:2)
  A frilled lizard (D:1)
  3 kobolds (D:1)
  3 rats
22 creatures vanquished.

Notes
Turn   | Place    | Note
-------+----------+-------------------------------------------
     0 | D:1      | robertstho the Troll Monk began the quest for the Orb.
     0 | D:1      | Reached XP level 1. HP: 22/22 MP: 0/0
    51 | D:1      | Reached XP level 2. HP: 19/29 MP: 1/1
   604 | D:2      | Reached XP level 3. HP: 36/36 MP: 2/2
   685 | D:2      | Noticed Sigmund
   698 | D:2      | Mangled by Sigmund

Illustrated notes

Levels and vault maps discovered:
D:1:      psy_arrival_dodecagon, layout_loops_ring
D:2:      layout_basic, hangedman_decor_lopped, chequers_garden,
          serial_bayou_ford_a, eino_tiny_chamber, lemuel_old_faithful,
          uniq_sigmund

Action                   || total
-------------------------++-------
Melee: Unarmed           ||    49
  Use: Potion            ||     1
 Stab: Sleeping          ||     4
       Distracted        ||     1
Armor: Robe              ||    11
Dodge: Dodged            ||    23

Table legend: (Time is in decaauts)
 A = Elapsed time spent in this place.
 B = Non-inter-level travel time spent in this place.
 C = Inter-level travel time spent in this place.
 D = Time resting spent in this place.
 E = Time spent auto-exploring this place.
 F = Levels seen in this place.
 G = Mean time per level.
                   A        B        C        D        E       F      G
               +--------+--------+--------+--------+--------+-----+--------+
         Total |    694 |    688 |      6 |      0 |    554 |   2 |  347.0 |
       Dungeon |    694 |    688 |      6 |      0 |    554 |   2 |  347.0 |
               +--------+--------+--------+--------+--------+-----+--------+

Top non-repeatable levels by time:
     D:1: 572 daAuts
     D:2: 122 daAuts
